 Dungeon Crawl Stone Soup version 0.30-a0-263-ge22c4ad894 (webtiles) character file.

Game seed: 6294013005825466316

124 IdlyInterested the Sneak (level 4, -2/34 HPs)
             Began as a Demonspawn Wanderer on Oct 13, 2022.
             Slain by TheSexyCheese's ghost (4 damage)
             ... on level 3 of the Dungeon.
             The game lasted 00:08:17 (2062 turns).

IdlyInterested the Sneak (Demonspawn Wanderer)      Turns: 2062, Time: 00:08:18

Health: -2/34      AC:  0    Str: 12    XL:     4   Next: 81%
Magic:  6/7        EV: 11    Int: 14    God:
Gold:   97         SH:  5    Dex: 14    Spells: 6/7 levels left

rFire   . . .      SeeInvis .    x - +0 rapier
rCold   . . .      Faith    .    (no shield)
rNeg    . . .      Spirit   .    r - +0 leather armour
rPois   .          Reflect  +    (no helmet)
rElec   .          Harm     .    (no cloak)
rCorr   .          Rampage  .    (no gloves)
Will    .....                    h - +0 pair of boots
Stlth   ++........               u - amulet of reflection
HPRegen 0.25/turn                v - ring of flight
MPRegen 0.20/turn                (no ring)

@: corroded, flying
A: magic regeneration, demonic magic 1
a: no special abilities


You were on level 3 of the Dungeon.
You visited 1 branch of the dungeon, and saw 3 of its levels.

You collected 97 gold pieces.

Inventory:

Hand Weapons
 a - a +0 dagger
 x - a +0 rapier (weapon)
 A - a +0 long sword
Missiles
 b - 6 atropa-tipped darts
 c - a datura-tipped dart
 f - 15 stones (quivered)
Armour
 d - a +0 scale mail
 h - a +0 pair of boots (worn)
 l - a +0 ring mail
 r - a +0 leather armour (worn)
Jewellery
 u - an amulet of reflection (around neck)
 v - a ring of flight (left hand)
Wands
 k - a wand of iceblast (12)
 q - a wand of flame (3)
Scrolls
 g - a scroll of amnesia
 o - 2 scrolls of fear
 p - a scroll of magic mapping {unknown}
 t - a scroll of identify {unknown}
 w - a scroll of summoning {unknown}
 y - 2 scrolls of fog {unknown}
 z - a scroll of teleportation
Potions
 e - a potion of lignification
 i - a potion of might {unknown}
 j - a potion of attraction {unknown}
 m - 2 potions of curing
 n - a potion of degeneration {unknown}
 s - a potion of brilliance {unknown}


   Skills:
 + Level 2.6 Fighting
 * Level 1.6 Short Blades
 - Level 1.0 Armour
 - Level 1.0 Dodging
 + Level 3.3 Stealth
 - Level 2.0 Spellcasting
 * Level 3.1 Hexes


You had 6 spell levels left.
You knew the following spells:

 Your Spells              Type           Power      Damage    Failure   Level
a - Slow                  Hex            40%        N/A       9%          1

Your spell library contained the following spells:

 Spells                   Type           Power      Damage    Failure   Level
 Sandblast                Erth           2%         2d4       30%         1
 Passwall                 Tmut/Erth      0%         N/A       41%         2
 Inner Flame              Hex/Fire       5%         N/A       43%         3
 Ozocubu's Armour         Ice            1%         N/A       65%         3
 Stone Arrow              Conj/Erth      2%         3d7       65%         3
 Metabolic Englaciation   Hex/Ice        2%         N/A       99%         5
 Simulacrum               Ice/Necr       0%         N/A       100%        6


Dungeon Overview and Level Annotations

Branches:
Dungeon (3/15)

Altars:
Gozag
Vehumet

Annotations:
D:3 TheSexyCheese's ghost, amateur HOFi


Innate Abilities, Weirdness & Mutations

You regenerate magic rapidly.
Spells you cast may paralyse adjacent enemies.


Message History

Press: ? - help, Shift-Dir - straight line, f/p - jelly
Aim: a jelly (chance to affect: 51%)
The jelly seems to slow down.
Malevolent energies surge around you.
The jelly suddenly stops moving!
You feel sick.
The helpless jelly fails to defend itself.
You puncture the jelly! The acid corrodes you!
Your hands burn!
The jelly is almost dead.
You feel sick.
The helpless jelly fails to defend itself.
You puncture the jelly!
You kill the jelly!
You feel sick.
You are no longer poisoned.
Your Hexes skill increases to level 3!
You feel better.
You hit TheSexyCheese's ghost but do no damage.
TheSexyCheese's ghost completely misses you.
You hit TheSexyCheese's ghost but do no damage.
TheSexyCheese's ghost completely misses you.
You barely miss TheSexyCheese's ghost.
TheSexyCheese's ghost closely misses you.
You hit TheSexyCheese's ghost but do no damage.
TheSexyCheese's ghost barely misses you.
x - a +0 rapier (weapon)
You block TheSexyCheese's ghost's attack.
You hit TheSexyCheese's ghost but do no damage.
TheSexyCheese's ghost says, "I am made of steel!"
TheSexyCheese's ghost hits you.
You hit TheSexyCheese's ghost but do no damage.
TheSexyCheese's ghost says, "I am invincible!"
TheSexyCheese's ghost barely misses you.
You hit TheSexyCheese's ghost.
TheSexyCheese's ghost is lightly damaged.
TheSexyCheese's ghost barely misses you.
You barely miss TheSexyCheese's ghost.
TheSexyCheese's ghost is lightly damaged.
TheSexyCheese's ghost hits you!
Ouch! That really hurt!
* * * LOW HITPOINT WARNING * * *
You die...

#.##.##.#####
#...##.8.##
#...#..$$.#
.####...'$.$$8#
........'$_8.∩#
.#####..'...$8#
#..#.$.$∩#
#lW##.8.##
###@#####
#......#
#.#.##.# #...#
# # .## .. ..
##.


You could see TheSexyCheese's ghost and a frilled lizard.

Vanquished Creatures
  A jelly (D:3)
  4 adders
  4 dart slugs
  5 ball pythons
  7 bats
  2 endoplasms
  4 giant cockroaches
  5 goblins
  2 hobgoblins (D:2)
  3 jackals
  5 frilled lizards
  3 kobolds
  7 rats
52 creatures vanquished.

Notes
Turn   | Place    | Note
-------+----------+-------------------------------------------
     0 | D:1      | IdlyInterested the Demonspawn Wanderer began the quest for
                  | the Orb.
     0 | D:1      | IdlyInterested set off with the following items: a +0
                  | dagger, 2 atropa-tipped darts, a datura-tipped dart, a +0
                  | scale mail, a potion of lignification; and the following
                  | spell memorised: Slow; and the following spells available
                  | to memorise: Inner Flame.
     0 | D:1      | Reached XP level 1. HP: 15/15 MP: 3/3
   201 | D:1      | Gained mutation: You regenerate magic rapidly. [demonic
                  | ancestry]
   201 | D:1      | Reached XP level 2. HP: 7/21 MP: 5/5
   640 | D:1      | Gained mutation: Spells you cast may paralyse adjacent
                  | enemies. [demonic ancestry]
   640 | D:1      | Reached XP level 3. HP: 25/27 MP: 6/6
   815 | D:2      | Found a faded altar of an unknown god.
  1631 | D:2      | Reached skill level 1 in Short Blades
  1631 | D:2      | Reached XP level 4. HP: 34/34 MP: 7/7
  1822 | D:3      | Found a radiant altar of Vehumet.
  2022 | D:3      | Found a runed translucent gate.
  2022 | D:3      | Found a runed translucent gate.
  2022 | D:3      | Found an opulent altar of Gozag.
  2022 | D:3      | Found a runed translucent gate.
  2024 | D:3      | Noticed TheSexyCheese's ghost (amateur HOFi)
  2062 | D:3      | Slain by TheSexyCheese's ghost

Illustrated notes

Levels and vault maps discovered:
D:1:      dpeg_arrival_erosion, layout_rooms
D:2:      minmay_alternating_diamond, layout_basic,
          ebering_ecumenical_altar_box, dk_noncrumbling_3
D:3:      kennysheep_goblin_castle, layout_loops_cross, vehumet_altar_wand_db,
          ebering_ghost_gozag, uniq_jessica, uniq_sigmund

Skill      XL: |  1  2  3  4 |
---------------+-------------+-----
Fighting       | 2 |  2.6
Stealth        | 3 |  3.3
Short Blades   | 1 |  1.6
Hexes          | 3 |  3.1
Armour         | |  1.0
Dodging        | |  1.0
Spellcasting   | |  2.0

Action                   |  1- 3 |  4- 6 || total
-------------------------+-------+-------++-------
Melee: Dagger            |   272 |    28 ||   300
       Punch             |     4 |       ||     4
       Rapier            |       |     4 ||     4
Throw: Stone             |     2 |       ||     2
 Cast: Slow              |       |     4 ||     4
  Use: Scroll            |     3 |       ||     3
       Potion            |     1 |     1 ||     2
 Stab: Sleeping          |     1 |     1 ||     2
       Paralysed         |       |     2 ||     2
Armor: Scale mail        |   121 |       ||   121
       Ring mail         |    59 |       ||    59
       Leather armour    |     6 |     6 ||    12
Dodge: Dodged            |   166 |    12 ||   178
Block: Other             |     4 |     4 ||     8

Table legend: (Time is in decaauts)
 A = Elapsed time spent in this place.
 B = Non-inter-level travel time spent in this place.
 C = Inter-level travel time spent in this place.
 D = Time resting spent in this place.
 E = Time spent auto-exploring this place.
 F = Levels seen in this place.
 G = Mean time per level.
                   A        B        C        D        E       F      G
               +--------+--------+--------+--------+--------+-----+--------+
         Total |   2058 |   1782 |    276 |    201 |    758 |   3 |  686.0 |
       Dungeon |   2058 |   1782 |    276 |    201 |    758 |   3 |  686.0 |
               +--------+--------+--------+--------+--------+-----+--------+

Top non-repeatable levels by time:
     D:2: 1078 daAuts
     D:1: 850 daAuts
     D:3: 129 daAuts
